Map: Whirlwind LE (Void)

Players

IIIIIIIIIIII

  • Race: Terran Terran
  • League: Master
  • Spawn Location: 7:00

ViBE - Winner!

  • Race: Zerg Zerg
  • League: Master
  • Spawn Location: 5:00

VOD

Have the link to the VOD?

Description

Time

  • Played on: Dec. 26, 2016, 10:07 p.m.
  • Length: 10:15
Show
View Real Time Build Order
Export as new Build Order

IIIIIIIIIIII Terran 

Build Orders: Command Center First (CC), MMM Bio 

Get SALT Encoding   

  12  0:00  SCV  
  13  0:13  SCV  
  14  0:17  Supply Depot  
  14  0:25  SCV  
  15  0:38  SCV  
  16  0:56  Command Center  
  16  1:01  SCV  
  17  1:11  Barracks  
  17  1:14  SCV  
  18  1:25  Barracks  
  18  1:36  Barracks  
  18  1:39  SCV  
  19  1:46  Refinery  
  19  1:51  SCV  
  20  1:58  Marine  
  21  2:04  Orbital Command  
  21  2:14  Orbital Command  
  21  2:18  Marine  
  21  2:22  Marine  
  23  2:24  Marine  
  24  2:31  SCV  
  24  2:36  Marine  
  26  2:40  SCV  
  26  2:43  SCV  
  28  2:47  Barracks Tech Lab, Barracks Reactor  
  28  2:48  Bunker  
  28  2:53  SCV  
  28  2:54  Marine  
  28  2:56  SCV  
  31  3:03  Supply Depot  
  31  3:05  Marine, SCV  
  33  3:08  SCV  
  33  3:10  Refinery  
  34  3:14  Barracks Reactor  
  34  3:17  SCV  
  35  3:20  SCV  
  36  3:29  SCV  
  36  3:31  Marine x3  
  36  3:32  SCV  
  41  3:34  Stimpack  
  42  3:41  SCV  
  42  3:44  SCV  
  43  3:49  Marine x2  
  43  3:50  Supply Depot  
  43  3:51  Supply Depot  
  43  3:53  SCV  
  43  3:54  Refinery  
  46  4:06  Factory  
  46  4:11  Marine x2, SCV  
  46  4:13  Engineering Bay  
  46  4:17  Engineering Bay, SCV  
  50  4:22  Marine  
  50  4:23  Marauder, Marine  
  50  4:24  SCV  
  55  4:29  Marine x2, SCV  
  58  4:36  SCV, Supply Depot  
  59  4:39  Terran Infantry Weapons Level 1  
  59  4:47  Terran Infantry Armor Level 1, Marine x3  
  62  4:57  Starport, Factory Reactor  
  62  4:58  Marine  
  63  5:00  SCV x2  
  63  5:03  Refinery  
  63  5:05  Supply Depot  
  65  5:15  Command Center  
  65  5:17  Marine x2  
  67  5:26  SCV x2  
  67  5:27  Missile Turret  
  69  5:38  Barracks  
  69  5:39  SCV x2  
  69  5:41  Barracks, Medivac  
  73  5:43  Medivac  
  73  5:48  Missile Turret  
  73  5:49  Combat Shields  
  75  5:50  Factory Tech Lab  
  75  5:55  SCV  
  76  5:57  Supply Depot  
  76  5:59  Supply Depot  
  76  6:01  Armory  
  76  6:11  Medivac  
  78  6:15  Sensor Tower  
  78  6:19  Medivac  
  78  6:25  SCV x2  
  82  6:37  SCV x2  
  82  6:39  Marine x3  
  87  6:49  SCV x2  
  87  6:51  Marine x2  
  87  6:52  Marauder, Terran Infantry Weapons Level 2, Terran Infantry Armor Level 2  
  93  7:01  SCV x2  
  94  7:08  Barracks Tech Lab  
  95  7:10  Barracks Reactor  
  95  7:13  Marauder, SCV x2  
  89  7:15  Medivac x2  
  89  7:17  Orbital Command  
  89  7:22  Bunker  
  92  7:25  Bunker, SCV x2  
  94  7:34  Marauder  
  96  7:37  SCV  
  96  7:38  SCV  
  96  7:39  Refinery x2, Starport  
  96  7:41  Marine  
  96  7:42  Marauder, Marine x2, Factory  
  103  7:49  SCV  
  103  7:50  SCV  
  103  7:51  Marine x2  
  103  7:56  Marauder, SCV  
  108  8:01  SCV  
  108  8:02  Orbital Command, SCV  
  108  8:03  Marauder  
  90  8:09  Marine x2  
  90  8:11  Siege Tank  
  89  8:17  Marauder  
  89  8:18  Marine x2  
  93  8:25  Marauder  
  93  8:26  SCV  
  96  8:29  SCV  
  97  8:36  Medivac  
  97  8:37  Medivac  
  97  8:38  SCV  
  97  8:39  Marauder, SCV  
  96  8:41  SCV  
  96  8:43  Siege Tank  
  96  8:46  Marauder  
  96  8:47  Factory Tech Lab  
  101  8:50  Starport Reactor, SCV  
  101  8:51  Sensor Tower  
  101  8:53  SCV  
  103  8:59  Supply Depot  
  103  9:00  Marauder, Supply Depot  
  103  9:02  SCV  
  106  9:06  SCV  
  107  9:10  Command Center  
  107  9:13  Supply Depot  
  107  9:14  SCV, Supply Depot  
  108  9:18  SCV  
  108  9:20  Supply Depot  
  108  9:21  Siege Tank  
  112  9:24  Marine x2  
  112  9:26  SCV  
  112  9:27  Siege Tank  
  100  9:38  Marine x2  
  100  9:39  Marauder x2, Marine x2  
Show
View Real Time Build Order
Export as new Build Order

ViBE Zerg - Winner!

Build Orders: Hatch First 

Get SALT Encoding   

  12  0:00  Drone  
  13  0:13  Overlord  
  13  0:18  Drone  
  14  0:32  Drone x2  
  16  0:39  Drone  
  17  0:53  Hatchery  
  17  0:56  Drone  
  17  1:10  Spawning Pool  
  16  1:13  Drone  
  16  1:18  Drone  
  18  1:24  Drone  
  19  1:26  Extractor  
  19  1:32  Drone  
  19  1:42  Overlord  
  19  1:57  Queen  
  21  2:01  Zergling x2  
  21  2:04  Drone  
  21  2:05  Queen  
  21  2:06  Drone  
  26  2:13  Drone  
  27  2:21  Drone  
  28  2:24  Drone  
  28  2:28  Drone  
  30  2:30  Metabolic Boost  
  30  2:36  Queen  
  32  2:39  Drone  
  32  2:41  Queen  
  35  2:55  Hatchery  
  34  2:59  Drone x2  
  36  3:09  Overlord  
  36  3:24  Baneling Nest, Overlord  
  36  3:25  Overlord  
  35  3:36  Overlord  
  35  3:39  Drone  
  36  3:43  Drone  
  37  3:51  Zergling x2  
  37  3:52  Zergling x20  
  47  3:58  Zergling x2  
  48  4:08  Drone  
  48  4:09  Drone x2  
  51  4:13  Queen  
  53  4:22  Drone x3  
  56  4:25  Drone  
  56  4:28  Drone x7  
  64  4:44  Hatchery, Extractor  
  62  4:52  Evolution Chamber  
  61  4:54  Evolution Chamber  
  61  4:56  Drone  
  61  4:57  Drone x5  
  61  4:58  Overlord  
  66  5:15  Overlord  
  66  5:17  Overlord  
  66  5:21  Zerg Melee Weapons Level 1, Zerg Ground Armor Level 1  
  66  5:27  Drone x3  
  69  5:31  Drone x5  
  69  5:33  Overlord x2  
  74  5:36  Drone x3  
  77  5:46  Hatchery  
  76  5:55  Lair  
  76  5:57  Extractor  
  76  5:58  Queen  
  76  5:59  Queen x2  
  76  6:04  Drone x3  
  84  6:05  Overlord x2  
  84  6:07  Overlord  
  84  6:08  Overlord  
  84  6:14  Baneling x5  
  84  6:22  Zergling x20  
  94  6:30  Zergling x2  
  94  6:31  Zergling x14  
  102  6:34  Baneling x4  
  97  6:51  Zergling x20  
  106  7:00  Zergling x6  
  102  7:17  Zergling x2  
  102  7:18  Zergling x30  
  102  7:21  Zerg Ground Armor Level 2, Zerg Melee Weapons Level 2  
  118  7:29  Queen x4  
  126  7:30  Queen  
  128  7:46  Centrifical Hooks  
  127  7:52  Drone x14  
  127  7:54  Overlord x2  
  141  8:04  Zergling x4  
  141  8:05  Zergling x14  
  149  8:19  Zergling x2  
  150  8:20  Zergling x24  
  150  8:21  Zergling x2  
  158  8:41  Queen  
  160  8:54  Infestation Pit  
  159  8:56  Hatchery  
  159  8:59  Baneling x9  
  159  9:00  Baneling x14  
  158  9:04  Queen  
  158  9:09  Extractor  
  159  9:11  Zergling x14  
  159  9:12  Overlord  
  159  9:13  Overlord  
  159  9:14  Overlord  
  159  9:15  Overlord  
  159  9:16  Overlord  
  166  9:32  Zergling x22  
  166  9:34  Hatchery  
  143  9:42  Zergling x2  
  143  9:44  Zergling x20  
Tags
 
Add a new tag
Caveats
  • Supply blocks, unpowered buildings, or Contaminate may cause inaccurate times.
  • Supply counts are checked every 10 seconds.